 Dungeon Sprint DCSS version 0.21.1-1-g345015f (webtiles) character file.

4 doot the Cudgeler (level 2, 0/31 HPs)
             Began as a Troll Berserker on June 12, 2018.
             Was a Believer of Trog.
             Slain by a quasit (1 damage)
             ... summoned by Eustachio
             ... while paralysed by Grinder
             ... in the Dungeon (Sprint VI: "Thunderdome").
             The game lasted 00:01:47 (129 turns).

doot the Cudgeler (Troll Berserker)                  Turns: 129, Time: 00:01:47

Health: 0/31       AC:  5    Str: 28      XL:     2   Next: 17%
Magic:  5/10       EV:  1    Int:  3      God:    Trog [**....]
Gold:   30         SH:  0    Dex:  7 (9)  Spells: 1/1 levels left

rFire    . . .     SeeInvis .   (no weapon)
rCold    + + .     Gourm    +   (no shield)
rNeg     + . .     Faith    .   b - +0 animal skin
rPois    +         Spirit   .   (helmet restricted)
rElec    .         Reflect  .   (no cloak)
rCorr    .         Harm     .   (gloves unavailable)
MR       .....     NoTele   +   (boots unavailable)
Stlth    +.........             p - amulet of Impatience {rPois rC+ rN+ Regen+ Int-4}
HPRegen  0.90/turn              n - ring "Maalaet" {rC+ MP+9 Int+4}
MPRegen  0.12/turn              o - ring of Due Proportion {EV+3 Str+4}

@: paralysed, berserk cooldown, slowed
A: large, unfitting armour, claws 3, fast metabolism 3, gourmand, regeneration
1, shaggy fur 1, tough skin 2
a: Berserk, Trog's Hand, Burn Spellbooks, Renounce Religion


You were in the Dungeon.
You worshipped Trog.
Trog was pleased with you.
You were not hungry.

You visited 1 branch You collected 210 gold pieces.
You spent 180 gold pieces at shops.

Inventory:

Hand Weapons
 a - a +0 mace
Armour
 b - a +0 animal skin (worn)
Jewellery
 n - the ring "Maalaet" (left claw) {rC+ MP+9 Int+4}
   (You bought it in a shop in the Dungeon)

   [ring of protection from cold]

   It affects your intelligence (+4).
   It protects you from cold.
   It affects your magic capacity (+9).
 o - the ring of Due Proportion (right claw) {EV+3 Str+4}
   (You bought it in a shop in the Dungeon)

   [ring of evasion]

   It affects your evasion (+3).
   It affects your strength (+4).
 p - the amulet of Impatience (around neck) {rPois rC+ rN+ Regen+ Int-4}
   (You bought it in a shop in the Dungeon)

   [amulet of regeneration]

   It affects your intelligence (-4).
   It protects you from cold.
   It protects you from poison.
   It protects you from negative energy.
   It increases your rate of regeneration.
 q - the ring of Itequp {rElec rC- MR+ MP+9 Str+6}
   (You bought it in a shop in the Dungeon)

   [ring of magical power]

   It affects your strength (+6).
   It makes you vulnerable to cold.
   It insulates you from electricity.
   It affects your resistance to hostile enchantments.
   It affects your magic capacity (+9).
Wands
 j - a wand of acid (5)
 k - a wand of iceblast (5)
Scrolls
 i - 4 scrolls of blinking
 l - 3 scrolls of fog
Potions
 d - a potion of curing
 e - 4 potions of heal wounds
 f - 4 potions of haste
 g - 2 potions of magic
 h - a potion of berserk rage
 m - a potion of resistance
Comestibles
 c - 2 rations


   Skills:
 + Level 3.3 Fighting
 + Level 3.4 Maces & Flails
 + Level 3.2 Dodging
 + Level 0.1 Unarmed Combat


You had one spell level left.
You didn't know any spells.

Dungeon Overview and Level Annotations

Branches:
Dungeon (1/1)

Altars:
Cheibriados
Dithmenos
Fedhas
Gozag
Kikubaaqudgha
Makhleb
Okawaru
Qazlal
Ru
Sif Muna
Trog
Uskayaw
Vehumet
Wu Jian
Xom
Yredelemnul
Zin
The Shining One
Beogh
Jiyva
Lugonu

Shops:
D *[%??*?*:[((!!!!

Annotations:
D Eustachio, Grinder


Innate Abilities, Weirdness & Mutations

You are too large for most types of armour.
You have claws for hands.
Your metabolism is lightning-fast.
You like to eat raw meat.
Your natural rate of healing is unusually fast.
You are covered in fur. (AC +1)
You have very tough skin. (AC +2)


Message History

The quasit claws you but does no damage.
Eustachio hits you with a rapier. Grinder hits you.
* * * LOW HITPOINT WARNING * * *
You writhe in agony.
* * * LOW HITPOINT WARNING * * *
The rat bites you.
* * * LOW HITPOINT WARNING * * *
The quasit bites you but does no damage.
The quasit claws you.
* * * LOW HITPOINT WARNING * * *
The quasit claws you but does no damage.
Eustachio screams, "Hey, you killed my favourite bat!"
Eustachio hits you with a rapier.
* * * LOW HITPOINT WARNING * * *
The quasit bites you but does no damage.
The quasit claws you.
* * * LOW HITPOINT WARNING * * *
The quasit claws you.
You die...

#⌠...........⌠#
######.8.........8.######
#∩___......###.......__∩##
∩........8.# #.8........∩###
...........###..§..........##
........###...###..........⌠#
........# #.<.# #..........⌠#
........###...###5.........⌠#
...........###.r@..........##
∩........8.# #.8@5......∩###
#∩___......###......___∩##
######.8.........8.######
#⌠...........⌠#
###.........### #........_#
#_......._# #_........#


You could see Eustachio, Grinder, a quasit and a rat.

Vanquished Creatures
  An ufetubus (D)
  A worm (D)
  2 giant cockroaches (D)
4 creatures vanquished.

Notes
Turn   | Place    | Note
-------+----------+-------------------------------------------
     0 | D        | doot the Troll Berserker began the quest for the Orb.
     0 | D        | Reached XP level 1. HP: 22/22 MP: 0/0
     1 | D        | Found a shimmering altar of Xom.
     1 | D        | Found a radiant altar of Vehumet.
     2 | D        | Found an ancient bone altar of Kikubaaqudgha.
     2 | D        | Found a stormy altar of Qazlal.
     3 | D        | Found an ornate altar of the Wu Jian Council.
     3 | D        | Found a snail-covered altar of Cheibriados.
     4 | D        | Found Zutas's Delicious Food.
     4 | D        | Found a bloodstained altar of Trog.
     4 | D        | Found an opulent altar of Gozag.
     4 | D        | Found Zeemen's Identification Station.
     5 | D        | Found Yriron's Jewellery.
     5 | D        | Found Ateust's Advanced Armour.
     5 | D        | Round 1.
    13 | D        | Bought a warped steel ring for 45 gold pieces
    13 | D        | Bought a scorched tin ring for 45 gold pieces
    13 | D        | Bought a bound brass amulet for 45 gold pieces
    13 | D        | Identified the ring "Maalaet" {rC+ MP+9 Int+4} (You bought it in a shop in the Dungeon)
    14 | D        | Identified the ring of Due Proportion {EV+3 Str+4} (You bought it in a shop in the Dungeon)
    15 | D        | Identified the amulet of Impatience {rPois rC+ rN+ Regen+ Int-4} (You bought it in a shop in the Dungeon)
    16 | D        | Bought a glittering jade ring for 45 gold pieces
    16 | D        | Lost intelligence.
    19 | D        | Identified the ring of Itequp {rElec rC- MR+ MP+9 Str+6} (You bought it in a shop in the Dungeon)
    26 | D        | Found a glowing silver altar of Zin.
    32 | D        | Found a shadowy altar of Dithmenos.
    44 | D        | Found an iron altar of Okawaru.
    44 | D        | Found a roughly hewn altar of Beogh.
    45 | D        | Found a hide-covered altar of Uskayaw.
    45 | D        | Found a blossoming altar of Fedhas.
    46 | D        | Found Muplur's Staff Store.
    46 | D        | Found Gus Nac's Magic Scroll Shop.
    47 | D        | Found Boedwoiwyl's Must-Have Magic.
    47 | D        | Found Fokle's Magic Scroll Shop.
    60 | D        | Reached ** piety under Trog
    61 | D        | Found a basalt altar of Yredelemnul.
    70 | D        | Found Evu Notu's Distillery.
    70 | D        | Found Ufoy's Distillery.
    71 | D        | Found Usaegiv's Bottled Wisdom.
    72 | D        | Found a glowing golden altar of the Shining One.
    72 | D        | Found a corrupted altar of Lugonu.
    72 | D        | Found a burning altar of Makhleb.
    72 | D        | Found Voeck's Do-It-Yourself Clinic.
    76 | D        | Found a deep blue altar of Sif Muna.
    77 | D        | Found a viscous altar of Jiyva.
    79 | D        | Found Zimm's Weapon Rack.
    80 | D        | Found Pemeselo's Basic Armour.
    80 | D        | Found Ala Refi's Miscellaneous Merchandise.
    81 | D        | Found a sacrificial altar of Ru.
    81 | D        | Found Ytygh's Premium Goods.
    82 | D        | Arena points: 4 (+4) [x1]
    92 | D        | Round 2.
    99 | D        | Reached XP level 2. HP: 29/31 MP: 1/1
   100 | D        | Noticed Grinder
   114 | D        | Noticed Eustachio
   126 | D        | Paralysed by Grinder for 5 turns
   129 | D        | HP: 1/31 [quasit[Eustachio] (1)]
   129 | D        | Slain by a quasit

Skill      XL: |  1 |
---------------+----+-----
Maces & Flails | 3 |  3.4
Fighting       | 3 |  3.3
Dodging        | 3 |  3.2
Unarmed Combat | |  0.1

Action                   || total
-------------------------++-------
Melee: Unarmed           ||    20
       Mace              ||     9
Invok: Berserk           ||     1
Armor: Animal skin       ||    35
Dodge: Dodged            ||    42
